 Dungeon Crawl Stone Soup version 0.25.0-46-gbd7b0854d2 (webtiles) character file.

Game seed: 1740234060816046132

1219 Descartes the Blocker (level 8, -1/60 HPs)
             Began as a Formicid Fighter on July 16, 2020.
             Blown up by Maggie (6 damage)
             ... with a disintegration bolt
             ... on level 6 of the Dungeon on July 17, 2020.
             The game lasted 00:11:23 (5502 turns).

Descartes the Blocker (Formicid Fighter)            Turns: 5502, Time: 00:11:24

Health: -1/60      AC: 10    Str: 22    XL:     8   Next: 75%
Magic:  0/15       EV: 12    Int:  9    God:
Gold:   398        SH: 11    Dex: 10    Spells: 14/17 levels left

rFire    + . .     SeeInvis +   y - +2 flail (drain)
rCold    . . .     Gourm    .   c - +0 kite shield
rNeg     + . .     Faith    .   A - +1 chain mail {rN+}
rPois    .         Spirit   +   (helmet unavailable)
rElec    .         Reflect  .   (no cloak)
rCorr    .         Harm     .   (no gloves)
MR       .....                  (no boots)
Stlth    ..........             E - amulet of guardian spirit
HPRegen  0.20/turn              F - +4 ring of evasion
MPRegen  0.14/turn              D - ring of protection from fire

@: mesmerised
A: permanent stasis, dig shafts and tunnels, four strong arms, antennae 3
a: Dig, Shaft Self


You were on level 6 of the Dungeon.
You were not hungry.

You visited 1 branch of the dungeon, and saw 6 of its levels.
You also visited: Sewer.

You collected 398 gold pieces.

Inventory:

Hand Weapons
 y - a +2 flail of draining (weapon)
 H - a +0 hand crossbow
Missiles
 b - 2 javelins
 i - 68 stones (quivered)
 u - 7 boomerangs of dispersal
 B - 5 boomerangs
 G - 15 arrows
 I - 12 sling bullets
Armour
 c - a +0 kite shield (worn)
 A - a +1 chain mail of positive energy (worn)
Jewellery
 a - an uncursed ring of magical power
 e - an uncursed ring of positive energy
 D - a ring of protection from fire (right hand)
 E - an amulet of guardian spirit (around neck)
 F - a +4 ring of evasion (left hand)
Wands
 v - a wand of paralysis (5)
Scrolls
 g - a scroll of fog {unknown}
 h - 4 scrolls of enchant weapon {unknown}
 j - 4 scrolls of identify
 k - a scroll of immolation {unknown}
 l - a scroll of noise {unknown}
 m - 5 scrolls of remove curse
 p - 3 scrolls of enchant armour {unknown}
 q - a scroll of blinking {unknown}
 s - 2 scrolls of magic mapping
 t - a scroll of random uselessness {unknown}
 C - 3 scrolls of amnesia {unknown}
Potions
 d - 2 potions of might
 n - 2 potions of brilliance
 o - a potion of cancellation
 r - 2 potions of curing {unknown}
 x - a potion of flight
 z - a potion of lignification
Comestibles
 f - 16 rations


   Skills:
 + Level 4.0 Fighting
   Level 2.0 Long Blades
 - Level 5.0 Armour
 - Level 9.0 Shields
 - Level 5.0 Spellcasting
 + Level 2.0 Hexes
 + Level 1.8 Evocations


You had 14 spell levels left.
You knew the following spells:

 Your Spells              Type           Power        Failure   Level  Hunger
a - Confusing Touch       Hex            #.......     94%         3    ###....

Your spell library contained the following spells:

 Spells                   Type           Power        Failure   Level  Hunger
 Gell's Gravitas          Tloc           #.........   99%         3    ###....
 Petrify                  Tmut/Erth      #.......     100%        4    #####..
 Metabolic Englaciation   Hex/Ice        #.........   100%        5    ######.
 Yara's Violent Unravell  Hex/Tmut       #.........   100%        5    ######.


Dungeon Overview and Level Annotations

Branches:
Dungeon (6/15)             Temple (0/1) D:6           Sewer (visited)

Altars:
Cheibriados
Ru
Yredelemnul
Zin

Annotations:
D:6 Maggie


Innate Abilities, Weirdness & Mutations

You cannot be hasted, slowed, berserked, paralysed or teleported.
You can dig through walls and to a lower floor.
Your four strong arms can wield two-handed weapons with a shield.
You have a pair of large antennae on your head. (SInv)


Message History

The bolt of fire hits you. You resist.
You sock Maggie! You drain Maggie.
Maggie is moderately wounded.
Maggie barely misses you.
You hit Maggie but do no damage. You drain Maggie.
Maggie is moderately wounded.
Maggie zaps a wand.
You struggle to resist.
Maggie hits you but does no damage.
You sock Maggie! You drain Maggie.
Maggie is severely wounded.
Maggie zaps a wand.
You are blasted!
* * * LOW HITPOINT WARNING * * *
You thump Maggie!
Maggie is severely wounded.
Maggie casts a spell at you. The bolt of fire hits you! You resist.
* * * LOW HITPOINT WARNING * * *
You closely miss Maggie.
Maggie is severely wounded.
Maggie zaps a wand.
You are blasted!
You die...

#.#
.....##.........####
.#
......#####.........#
# .# ..###
###.....#...# ..#
###...###.. ..
#.....# ## #.#
#.##### #.. #.#
####.#######.######
#!..@@............#
#......≈≈≈≈≈......#
#....≈≈≈≈≈≈≈≈≈....#
#...≈≈≈≈≈≈≈≈≈≈≈≈≈..#
#..≈≈≈≈≈≈≈≈≈≈≈≈≈≈≈.#
#..≈≈≈≈≈≈...≈≈≈≈≈≈.#
#..≈≈≈≈≈≈.>.≈≈≈≈≈≈.#
...≈≈≈≈≈≈...≈≈≈≈≈≈..


You could see Maggie (mesmerising, drained).

Vanquished Creatures
  Sigmund (D:6)
  A water moccasin (D:5)
  An ice beast (D:5)
  A centaur (D:6)
  A crocodile (Sewer)
  A scorpion (D:5)
  4 crimson imps
  2 jellies
  A bullfrog skeleton (D:4)
  2 hounds
  2 centaur skeletons (D:4)
  5 worker ants
  Terence (D:3)
  6 adders
  A shadow imp (D:5)
  An ooze (D:1)
  An adder zombie (D:5)
  3 worms
  2 dart slugs
  8 leopard geckos
  6 orcs
  11 bats
  10 giant cockroaches
  8 goblins
  5 hobgoblins
  7 jackals (D:3)
  2 quokkas
  6 frilled lizards
  4 kobolds
  5 rats
109 creatures vanquished.

Notes
Turn   | Place    | Note
-------+----------+-------------------------------------------
     0 | D:1      | Descartes the Formicid Fighter began the quest for the Orb.
     0 | D:1      | Reached XP level 1. HP: 18/18 MP: 1/1
   132 | D:1      | Reached skill level 4 in Shields
   134 | D:1      | Reached XP level 2. HP: 21/24 MP: 2/2
   253 | D:1      | You fall into a shaft and drop 1 floor!
   588 | D:2      | Reached XP level 3. HP: 29/29 MP: 3/3
   809 | D:2      | Reached skill level 5 in Shields
  1069 | D:2      | Found a glowing silver altar of Zin.
  1069 | D:2      | Noticed an angel
  1672 | D:3      | Noticed Terence
  1694 | D:3      | Killed Terence
  1694 | D:3      | Reached XP level 4. HP: 34/35 MP: 4/4
  1698 | D:3      | Reached skill level 6 in Shields
  2249 | D:3      | Reached XP level 5. HP: 40/41 MP: 5/5
  2703 | D:4      | Reached skill level 7 in Shields
  2812 | D:4      | Found a sacrificial altar of Ru.
  2866 | D:4      | Found a snail-covered altar of Cheibriados.
  2961 | D:4      | Reached XP level 6. HP: 32/47 MP: 6/6
  3250 | D:4      | Learned a level 3 spell: Confusing Touch
  3370 | D:5      | Entered Level 5 of the Dungeon
  3417 | D:5      | Reached skill level 8 in Shields
  3436 | D:5      | Found a glowing drain.
  3484 | Sewer    | Entered a sewer
  3555 | Sewer    | Reached skill level 1 in Spellcasting
  3705 | D:5      | Reached XP level 7. HP: 52/52 MP: 8/8
  3848 | D:5      | Reached skill level 9 in Shields
  4033 | D:5      | Noticed a water moccasin
  4051 | D:5      | Killed a water moccasin
  4416 | D:5      | Reached XP level 8. HP: 58/58 MP: 12/12
  4559 | D:5      | Found a basalt altar of Yredelemnul.
  4890 | D:6      | Reached skill level 5 in Armour
  5147 | D:6      | Reached skill level 5 in Spellcasting
  5291 | D:6      | Noticed Sigmund
  5300 | D:6      | Killed Sigmund
  5300 | D:6      | Reached skill level 1 in Evocations
  5481 | D:6      | Found a staircase to the Ecumenical Temple.
  5486 | D:6      | Noticed Maggie
  5502 | D:6      | Blown up by Maggie

Illustrated notes

Levels and vault maps discovered:
D:1:      wander_arrival_desolate, layout_basic
D:2:      layout_basic, zin_angel, first_ration
D:3:      layout_basic, wad_floor_pattern_untrapped, uniq_terence
D:4:      layout_gridville, old_standard_altar, kennysheep_mini_moat
D:5:      layout_loops_ring, nicolae_overflow_crystal_walls, serial_bayou,
          serial_bayou_pond_d, serial_bayou_pond_c, serial_bayou_pond_c,
          serial_bayou_pond_a, gup_sewer_entry_glass
D:6:      layout_cave_pods, grunt_temple_overflow_open, temple_pool_b,
          serial_shops, shop_statue, uniq_maggie, uniq_sigmund

Skill      XL: |  1  2  3  4  5  6  7  8 |
---------------+-------------------------+-----
Shields        | 4 5 6 7 8 9 |  9.0
Spellcasting   | 1 3 5 |  5.0
Armour         | 4 5 |  5.0
Hexes          | 2 |  2.0
Evocations     | 1 |  1.8
Fighting       | 4 |  4.0
Long Blades    | |  2.0

Action                   |  1- 3 |  4- 6 |  7- 9 || total
-------------------------+-------+-------+-------++-------
Melee: Long sword        |   114 |     4 |       ||   118
       Flail             |       |   177 |   202 ||   379
 Abil: Dig               |     1 |       |       ||     1
  Use: Scroll            |     4 |     6 |       ||    10
  Eat: Chunk             |     2 |     8 |     6 ||    16
Armor: Scale mail        |    48 |       |       ||    48
       Chain mail        |       |   125 |    70 ||   195
Dodge: Dodged            |    32 |    74 |    97 ||   203
Block: Kite shield       |    58 |   151 |   133 ||   342
       Rpst.: Long sword |    10 |       |       ||    10
